AoeStats
← ImJoker

Arena

509595458Analyzed
4v4 RM · 4d ago on Sep 27, 2026· 39m 51s· 8 players
Game mode
Random Map
Map size
Large (8 player)
Population
200
Speed
Normal
Resources
Standard
Victory
Conquest
Starting age
Dark Age
Ending age
Imperial Age
RankedLock teamsTeams togetherTeam positionsShared explorationLock speedFull tech treeHidden civsTurbo modeCheats
Victory
Defeat
🇨🇳 Byzantines · China
1169
+12
🇯🇵 Turks · Japan
1066
+17
🇨🇳 Hindustanis · China
1018
+18
🇨🇳 Portuguese · China
1018
+19
🇹🇷 Magyars · Türkiye
1119
-18
🇹🇷 Varangians · Türkiye
1082
-17
🇹🇷 Teutons · Türkiye
1074
-16
🇹🇷 Franks · Türkiye
1047
-15
RomaSaga
11:14 Feudal Age
15:03 Castle Age
13:35 Double-Bit Axe
14:14 Horse Collar
15:06 Loom
16:10 Bow Saw
22:19 Town Watch
29:12 Imperial Age
27:19 Padded Archer Armor
28:16 Wheelbarrow
27:32 Fletching
27:45 Heavy Plow
27:36 Gold Mining
28:15 Bodkin Arrow
29:53 Thumb Ring
30:05 Leather Archer Armor
30:07 Hand Cart
31:03 Gold Shaft Mining
30:19 Stone Mining
31:16 Bracer
32:08 Parthian Tactics
32:26 Ballistics
32:40 Ring Archer Armor
32:44 Husbandry
33:05 Bloodlines
33:11 Heavy Cavalry Archer
34:30 Fortified Wall
34:01 Treadmill Crane
35:37 Sipahi
35:37 Conscription
36:16 Forging
36:12 Scale Barding Armor
38:01 Chain Barding Armor
38:17 Iron Casting
38:31 Conscription
39:55 Plate Barding Armor
Priedrich
10:43 Feudal Age
15:26 Castle Age
13:58 Double-Bit Axe
16:39 Horse Collar
20:51 Fervor
22:14 Heavy Plow
23:06 Bow Saw
24:34 Wheelbarrow
30:34 Gold Mining
30:36 Stone Mining
33:34 Imperial Age
31:35 Hand Cart
32:25 Bloodlines
32:18 Husbandry
33:54 Ballistics
34:27 Scale Barding Armor
35:41 Chemistry
34:20 Heavy Camel Rider
36:12 Chain Barding Armor
36:22 Imperial Camel Rider
38:37 Plate Barding Armor
38:13 Forging
38:04 Padded Archer Armor
38:15 Shatagni
ZHurald ZHurdrada
12:17 Feudal Age
13:04 Double-Bit Axe
13:00 Horse Collar
16:17 Castle Age
17:18 Heavy Plow
17:30 Bow Saw
18:48 Loom
26:36 Wheelbarrow
30:25 Imperial Age
27:51 Gold Mining
27:51 Stone Mining
28:42 Forging
28:37 Scale Barding Armor
29:14 Hand Cart
30:20 Gold Shaft Mining
30:22 Stone Shaft Mining
30:42 Husbandry
30:50 Treadmill Crane
31:30 Ballistics
31:07 Murder Holes
31:26 Scale Barding Armor
30:49 Heavy Camel Rider
32:13 Iron Casting
33:05 Chain Barding Armor
35:41 Plate Barding Armor
36:51 Fletching
37:02 Padded Archer Armor
37:02 Scale Mail Armor
38:47 Conscription
38:40 Logistica
39:06 Hoardings
竹杖
10:40 Feudal Age
11:06 Loom
14:32 Castle Age
12:48 Double-Bit Axe
12:45 Horse Collar
16:57 Heavy Plow
22:27 Bow Saw
24:28 Wheelbarrow
24:02 Gold Mining
25:56 Hand Cart
29:43 Imperial Age
28:30 Forging
28:21 Scale Mail Armor
28:31 Pikeman
28:57 Arson
30:16 Iron Casting
29:57 Chain Mail Armor
30:09 Circumnavigation
30:00 Town Watch
29:46 Halberdier
31:12 Crop Rotation
30:41 Treadmill Crane
32:04 Chemistry
31:26 Ballistics
31:12 Siege Engineers
31:18 Masonry
31:20 Fortified Wall
32:27 Two-Man Saw
31:20 Stone Mining
33:25 Blast Furnace
32:56 Plate Mail Armor
34:22 Fletching
34:32 Padded Archer Armor
34:46 Arquebus
35:09 Conscription
36:48 Elite Skirmisher
37:35 Thumb Ring
39:08 Husbandry
39:18 Bloodlines
38:35 Light Cavalry
39:26 Scale Barding Armor
39:17 Bodkin Arrow
39:38 Leather Archer Armor
39:58 Architecture
39:25 Murder Holes
ImJoker
11:09 Feudal Age
16:56 Castle Age
17:56 Town Watch
19:29 Double-Bit Axe
28:08 Wheelbarrow
27:34 Town Patrol
29:37 Bow Saw
32:31 Imperial Age
32:35 Scale Barding Armor
32:41 Forging
33:17 Hand Cart
33:36 Chain Barding Armor
33:03 Cavalier
33:45 Husbandry
34:15 Pikeman
34:56 Squires
34:35 Paladin
35:27 Halberdier
36:19 Scale Mail Armor
36:54 Iron Casting
36:55 Plate Barding Armor
37:46 Chain Mail Armor
Kori
10:54 Feudal Age
14:56 Castle Age
12:57 Double-Bit Axe
12:53 Horse Collar
13:25 Loom
16:33 Bow Saw
16:56 Loom
17:48 Wheelbarrow
20:13 Town Watch
22:07 Town Patrol
25:15 Heavy Plow
26:24 Gold Mining
27:01 Hand Cart
26:46 Stone Mining
30:47 Imperial Age
29:28 Corvinian Army
29:37 Padded Archer Armor
29:27 Fletching
29:59 Ballistics
29:19 Treadmill Crane
30:57 Bodkin Arrow
31:17 Leather Archer Armor
31:51 Conscription
31:04 Heavy Cavalry Archer
32:10 Parthian Tactics
32:27 Bracer
33:29 Chemistry
32:57 Thumb Ring
34:42 Ring Archer Armor
35:09 Husbandry
35:20 Bloodlines
36:39 Two-Man Saw
36:25 Crop Rotation
36:34 Gold Shaft Mining
36:03 Elite Magyar Huszar
37:14 Scale Barding Armor
37:45 Recurve Bow
medikinette
5:08 Loom
10:26 Feudal Age
16:48 Castle Age
15:22 Double-Bit Axe
20:34 Horse Collar
28:46 Imperial Age
26:05 Town Watch
28:00 Wheelbarrow
28:31 Town Patrol
28:37 Heavy Plow
28:49 Bow Saw
28:59 Scale Barding Armor
29:49 Hand Cart
31:10 Crop Rotation
31:53 Chain Barding Armor
31:44 Forging
32:19 Bloodlines
32:09 Husbandry
32:50 Gold Mining
34:03 Two-Man Saw
33:53 Plate Barding Armor
34:17 Elite Jarl
34:21 Cavalier
35:45 Iron Casting
35:11 Scale Mail Armor
37:54 Blast Furnace
37:04 Gambesons
37:19 Squires
37:22 Pikeman
38:54 Chain Mail Armor
38:29 Halberdier
hknarsln
11:59 Feudal Age
16:59 Castle Age
15:26 Double-Bit Axe
15:23 Horse Collar
16:53 Wheelbarrow
16:46 Gold Mining
16:47 Stone Mining
19:15 Loom
22:00 Fervor
22:47 Bow Saw
22:52 Heavy Plow
24:39 Stone Shaft Mining
28:08 Hand Cart
31:10 Imperial Age
29:29 Bloodlines
29:38 Scale Barding Armor
29:44 Forging
31:02 Chain Barding Armor
31:57 Iron Casting
32:27 Cavalier
32:45 Pikeman
33:25 Squires
34:58 Blast Furnace
34:34 Plate Barding Armor
34:00 Scale Mail Armor
34:03 Halberdier
35:20 Paladin
35:56 Arson
36:01 Man-at-Arms
36:27 Gambesons
Connection lost

Rejoining the realm…

Still unreachable

The connection could not be restored.

Session expired

The server has moved on; the page needs a fresh start.